 Dungeon Crawl Stone Soup version 0.30-a0-1035-g38d5fb2972 (webtiles) character file.

Game seed: 16347441611560916617

5650 gelatine the Magician (level 10, -1/74 HPs)
             Began as a Demonspawn Transmuter on Apr 8, 2023.
             Slain by Erolcha
             ... wielding a +4 giant club
              (44 damage)
             ... on level 9 of the Dungeon.
             The game lasted 00:30:01 (7815 turns).

gelatine the Magician (Demonspawn Transmuter)       Turns: 7815, Time: 00:30:01

Health: -1/74      AC:  9    Str: 10    XL:     10   Next: 46%
Magic:  10/19      EV: 14    Int: 25    God:
Gold:   326        SH:  0    Dex: 14    Spells: 14/21 levels left

rFire   . . .      SeeInvis .    u - +0 executioner's axe (venom)
rCold   . . .      Faith    .    (shield currently unavailable)
rNeg    . . .      Spirit   .    G - +1 steam dragon scales
rPois   +          Reflect  .    E - melded +0 helmet
rElec   .          Rampage  .    (no cloak)
rCorr   .                        (no gloves)
Will    .....                    l - melded +1 pair of boots
Stlth   ++                       N - amulet of regeneration
HPRegen 1.12/turn                C - +6 ring of intelligence
MPRegen 0.16/turn                s - ring of poison resistance

@: appendages, wereblooded, studying Armour, invisible
A: horns 2, talons 2, slimy green scales 2, ignite blood 1, demonic magic 1,
weakness stinger 2
a: End Transformation


You were on level 9 of the Dungeon.
You had temporarily grown beastly horns and talons.
You visited 1 branch of the dungeon, and saw 9 of its levels.
You also visited: Bailey.

You collected 326 gold pieces.

Inventory:

Hand Weapons
 g - a +2 dagger of speed
 r - a +1 battleaxe
 u - a +0 executioner's axe of venom (weapon)
 w - the +5 flail "Loiranat" {spect, rN+ Str+6}
   (You found it on level 4 of the Dungeon)

   Str:       It affects your strength (+6).
   rN:        It protects you from negative energy.
Missiles
 v - 3 throwing nets
Armour
 a - a +0 robe
 l - a +1 pair of boots (melded)
 E - a +0 helmet (melded)
 G - +1 steam dragon scales (worn)
 J - a +0 kite shield
Jewellery
 j - a ring of positive energy
 s - a ring of poison resistance (right hand)
 C - a +6 ring of intelligence (left hand)
 N - an amulet of regeneration (around neck)
Wands
 p - a wand of polymorph (11)
 q - a wand of iceblast (17)
Scrolls
 c - 2 scrolls of immolation
 f - 3 scrolls of poison
 h - a scroll of vulnerability {unknown}
 m - 3 scrolls of teleportation
 t - 2 scrolls of fear
 F - a scroll of blinking {unknown}
 K - 2 scrolls of enchant weapon
Potions
 b - 3 potions of lignification
 d - 3 potions of heal wounds
 e - 2 potions of invisibility
 i - a potion of mutation
 k - a potion of experience
 n - 5 potions of curing
 o - a potion of resistance
 z - a potion of flight
 B - a potion of magic
 D - a potion of might
 H - a potion of degeneration {unknown}
 I - a potion of berserk rage {unknown}
 L - a potion of ambrosia {unknown}
 O - 2 potions of cancellation {unknown}


   Skills:
 * Level 5.0 Fighting
 + Level 4.1 Maces & Flails
 * Level 5.5 Dodging
 + Level 1.8 Stealth
 + Level 3.4 Unarmed Combat
 + Level 6.3 Spellcasting
 * Level 4.2 Conjurations
 * Level 5.9 Transmutations
 * Level 5.4 Earth Magic
 * Level 3.7 Evocations


You had 14 spell levels left.
You knew the following spells:

 Your Spells              Type           Power      Damage    Failure   Level
a - Beastly Appendage     Tmut           74%        N/A       1%          1
b - Sandblast             Erth           70%        2d15      1%          1
c - Wereblood             Tmut           37%        N/A       1%          2
d - Stone Arrow           Conj/Erth      64%        3d11      3%          3

Your spell library contained the following spells:

 Spells                   Type           Power      Damage    Failure   Level
 Passwall                 Tmut/Erth      30%        N/A       1%          2
 Shock                    Conj/Air       72%        1d7       3%          1
 Spider Form              Tmut/Pois      22%        N/A       6%          3
 Summon Small Mammal      Summ           28%        N/A       7%          1
 Call Canine Familiar     Summ           7%         N/A       22%         3
 Ozocubu's Armour         Ice            7%         N/A       22%         3
 Summon Guardian Golem    Hex/Summ       7%         N/A       22%         3
 Swiftness                Air            7%         N/A       22%         3
 Ice Form                 Ice/Tmut       22%        N/A       22%         4
 Airstrike                Air            3%         2d(1-17)  56%         4
 Olgreb's Toxic Radiance  Pois           7%         N/A       56%         4
 Metabolic Englaciation   Hex/Ice        3%         N/A       89%         5
 Simulacrum               Ice/Necr       3%         N/A       100%        6
 Discord                  Hex            3%         N/A       100%        8
 Ignition                 Fire           3%         3d4       100%        8


Dungeon Overview and Level Annotations

Branches:
Dungeon (9/15)             Temple (0/1) D:5          Bailey (visited)
   Lair: D:8-11         Orc: D:9-12

Altars:
Xom

Annotations:
D:9 Erolcha


Innate Abilities, Weirdness & Mutations

You have temporarily grown beastly horns and talons.
You are mostly covered in slimy green scales. (AC +3)
Your demonic aura sometimes causes spilled blood to erupt in flames.
Spells you cast may paralyse adjacent enemies.
You have a tail ending in a sharp stinger.


Message History

You miscast Stone Arrow.
You are very lightly contaminated with residual magic.
Nothing appears to happen.
Erolcha gestures wildly while chanting.
Erolcha flickers and vanishes!
Deactivating autopickup; reactivate with Ctrl-A.
Casting: Stone Arrow (dangerous; 3% risk of failure)
Confirm with . or Enter, or press ? or * to list all spells.
Aiming: Stone Arrow (dangerous; 3% risk of failure)
Press: ? - help, Shift-Dir - straight line The stone arrow hits something!!
Malevolent energies surge around you.
You closely miss something. Your headbutt misses something.
Something hits you!! Something hits you!
You barely miss something. You claw something. Your headbutt misses something.
Your tail-slap misses something.
Something hits you!
You barely miss something. You claw something.
You hear some strange, mumbled words.
Your magical contamination has completely faded away.
You hear some strange, mumbled words.
A fireball appears from out of thin air!
The fireball explodes!
The fireball engulfs you!!
* * * LOW HITPOINT WARNING * * *
You hear a shout! x6
You feel much better.
Casting: Stone Arrow (dangerous; 3% risk of failure)
Confirm with . or Enter, or press ? or * to list all spells.
Aiming: Stone Arrow (dangerous; 3% risk of failure)
Press: ? - help, Shift-Dir - straight line The stone arrow hits something!
Malevolent energies surge around you.
You hear some strange, mumbled words.
Something tries to affect you, but you resist.
Unknown command.
You hear some strange, mumbled words.
You fade into invisibility!
Unknown command.
You hear some strange, mumbled words.
Something tries to affect you, but you resist.
Something hits you!!!
Ouch! That really hurt!
You die...

******,,,,............#..^#....
*,,**#######.....#...+....
*******,,*,,,,,,,#.....##'##....
*,,,,,,,,+,,,,,,,#..............
*,,,,,,,,*,,,,,,,#.......#####..
*,,,,,,,,*,,,,,,,#..######,,,#..
*,>,,,,,.#########..#,,,,,,,,#..
*******,............#,,,,,,,*#..
*,.......@....#,,,,,,,'...
*,............#,,,,,,,*,..
*,............#********,,,
*,................,,,,,,,,
*,...........####.,,,,,,,,
*,....######## *,,,,,,,,,
*,....* *,,,,,,,,, *,...,*
*,,,,,,,,, *,..,,* *,,,,,,,,,


There were no monsters in sight!

Vanquished Creatures
  A two-headed ogre (D:8)
  An orc knight (Bailey)
  A wyvern (D:7)
  3 steam dragons
  Menkaure (D:6)
  A water moccasin (D:5)
  2 ice beasts
  13 orc warriors
  A sky beast (D:7)
  4 black bears
  Duvessa (D:7)
  An ogre (D:5)
  3 centaurs
  A phantom (D:6)
  A kobold brigand (D:8)
  3 bullfrogs
  2 gnoll sergeants
  A scorpion (D:6)
  9 wights
  Dowan (D:7)
  3 hounds
  2 jellies (D:5)
  2 orc priests (D:8)
  6 orc wizards
  10 gnolls
  6 adders
  A white imp (D:8)
  An ufetubus (D:7)
  2 dart slugs
  33 orcs
  2 ball pythons (D:4)
  6 bats
  11 endoplasms
  2 giant cockroaches
  4 goblins
  5 hobgoblins
  4 jackals
  2 quokkas
  6 frilled lizards
  14 kobolds
  5 rats
178 creatures vanquished.

Notes
Turn   | Place    | Note
-------+----------+-------------------------------------------
     0 | D:1      | gelatine the Demonspawn Transmuter began the quest for the
                  | Orb.
     0 | D:1      | Reached XP level 1. HP: 15/15 MP: 3/3
    21 | D:1      | Learned a level 1 spell: Sandblast
    43 | D:1      | Gained mutation: You are partially covered in slimy green
                  | scales. (AC +2) [demonic ancestry]
    43 | D:1      | Reached XP level 2. HP: 8/21 MP: 3/5
  1008 | D:2      | Learned a level 2 spell: Wereblood
  1130 | D:2      | Reached XP level 3. HP: 26/26 MP: 2/6
  1869 | D:3      | Reached skill level 1 in Earth Magic
  1989 | D:3      | Gained mutation: Your demonic aura sometimes causes spilled
                  | blood to erupt in flames. [demonic ancestry]
  1989 | D:3      | Reached XP level 4. HP: 32/32 MP: 4/7
  3104 | D:4      | Identified the +5 flail "Loiranat" {spect, rN+ Str+6}
  3414 | D:4      | Gained mutation: You are mostly covered in slimy green
                  | scales. (AC +3) [demonic ancestry]
  3414 | D:4      | Reached XP level 5. HP: 37/37 MP: 4/9
  3526 | D:5      | Entered Level 5 of the Dungeon
  3577 | D:5      | Noticed an ogre
  3583 | D:5      | Killed an ogre
  3583 | D:5      | Noticed a water moccasin
  3584 | D:5      | Reached skill level 3 in Spellcasting
  3584 | D:5      | Reached XP level 6. HP: 12/44 MP: 4/10
  3589 | D:5      | Killed a water moccasin
  3828 | D:5      | Gained mutation: You have a small tail. [demonic ancestry]
  3828 | D:5      | Reached XP level 7. HP: 50/50 MP: 6/12
  4008 | D:5      | Found a staircase to the Ecumenical Temple.
  4166 | D:6      | Reached skill level 1 in Maces & Flails
  4225 | D:6      | Learned a level 3 spell: Stone Arrow
  4320 | D:6      | Reached skill level 4 in Spellcasting
  4321 | D:6      | Noticed Menkaure
  4329 | D:6      | Killed Menkaure
  4334 | D:6      | Gained mutation: Spells you cast may paralyse adjacent
                  | enemies. [demonic ancestry]
  4334 | D:6      | Reached XP level 8. HP: 20/58 MP: 2/14
  4854 | D:6      | Reached skill level 5 in Spellcasting
  5036 | D:6      | Found a shimmering altar of Xom.
  5149 | D:7      | Reached skill level 1 in Conjurations
  5337 | D:7      | Reached skill level 1 in Evocations
  5472 | D:7      | Noticed Duvessa
  5476 | D:7      | Killed Duvessa
  5477 | D:7      | Gained mutation: You have a tail ending in a sharp stinger.
                  | [demonic ancestry]
  5477 | D:7      | Reached XP level 9. HP: 65/65 MP: 12/17
  5479 | D:7      | Noticed Dowan
  5481 | D:7      | Killed Dowan
  5482 | D:7      | Reached skill level 1 in Stealth
  5639 | D:7      | Reached skill level 5 in Transmutations
  6323 | D:8      | Reached skill level 5 in Dodging
  6449 | D:8      | Noticed a two-headed ogre
  6461 | D:8      | Killed a two-headed ogre
  6462 | D:8      | Reached skill level 6 in Spellcasting
  6462 | D:8      | Reached XP level 10. HP: 52/73 MP: 2/19
  6762 | D:8      | Reached skill level 5 in Earth Magic
  7109 | D:9      | Found a flagged portal.
  7128 | Bailey   | Entered a bailey
  7513 | Bailey   | Noticed an orc knight
  7523 | Bailey   | Killed an orc knight
  7524 | Bailey   | Reached skill level 5 in Fighting
  7795 | D:9      | Noticed Erolcha
  7815 | D:9      | Slain by Erolcha

Illustrated notes

Levels and vault maps discovered:
D:1:      dpeg_arrival_leaves_temple_mockup, layout_basic, st_stairs_3
D:2:      layout_basic, minmay_door_square
D:3:      layout_rooms
D:4:      layout_basic
D:5:      layout_cave_pools, temple_green, nrook_campfire
D:6:      layout_rooms, nicolae_overflow_two_pavilions, uniq_menkaure
D:7:      layout_loops_ring, uniq_duvessa
D:8:      layout_rooms, minmay_checkerbox
D:9:      layout_irregular_city, enter_bailey_2, uniq_erolcha, uniq_harold,
          uniq_psyche

Skill      XL: |  1  2  3  4  5  6  7  8  9 10 |
---------------+-------------------------------+-----
Unarmed Combat | 3 |  3.4
Transmutations | 2 3 4 5 |  5.9
Dodging        | 2 3 4 5 |  5.5
Earth Magic    | 1 2 3 4 5 |  5.4
Spellcasting   | 3 4 5 6 |  6.3
Fighting       | 2 3 4 5 |  5.0
Maces & Flails | 1 2 3 4 |  4.1
Conjurations   | 2 3 4 |  4.2
Evocations     | 1 3 |  3.7
Stealth        | 1 |  1.8

Action                     |  1- 3 |  4- 6 |  7- 9 | 10-12 || total
---------------------------+-------+-------+-------+-------++-------
  Melee: Unarmed           |    83 |    26 |       |       ||   109
         Headbutt          |    16 |     6 |    15 |     9 ||    46
         Kick              |    14 |    12 |    24 |    23 ||    73
         Punch             |     1 |     1 |     3 |     1 ||     6
         Flail             |       |    18 |    94 |    64 ||   176
         Tailslap          |       |       |    12 |    11 ||    23
         Executioner's axe |       |       |       |     4 ||     4
   Cast: Beastly Appendage |    21 |    17 |    18 |    11 ||    67
         Sandblast         |    16 |    33 |    11 |     1 ||    61
         Wereblood         |     7 |    13 |    17 |    13 ||    50
         Stone Arrow       |       |       |    31 |    13 ||    44
    Use: Scroll            |       |     7 |     5 |     7 ||    19
         Potion            |       |     1 |     1 |     2 ||     4
   Stab: Distracted        |       |       |     1 |       ||     1
         Paralysed         |       |       |     2 |     5 ||     7
         Sleeping          |       |       |       |     1 ||     1
 Armour: Robe              |    26 |    13 |     8 |       ||    47
         Steam dragon scal |       |       |    22 |    20 ||    42
  Dodge: Dodged            |    57 |    21 |    67 |    84 ||   229

Table legend: (Time is in decaauts)
 A = Elapsed time spent in this place.
 B = Non-inter-level travel time spent in this place.
 C = Inter-level travel time spent in this place.
 D = Time resting spent in this place.
 E = Time spent auto-exploring this place.
 F = Levels seen in this place.
 G = Mean time per level.
                   A        B        C        D        E       F      G
               +--------+--------+--------+--------+--------+-----+--------+
         Total |   7884 |   7723 |    161 |      0 |   6304 |  10 |  788.4 |
       Dungeon |   7313 |   7152 |    161 |      0 |   5956 |   9 |  812.6 |
        Bailey |    571 |    571 |      0 |      0 |    348 |   1 |  571.0 |
               +--------+--------+--------+--------+--------+-----+--------+

Top non-repeatable levels by time:
     D:7: 1080 daAuts
     D:1: 1000 daAuts
     D:6: 987 daAuts
     D:4: 941 daAuts
     D:2: 836 daAuts
     D:8: 763 daAuts
     D:3: 759 daAuts
     D:5: 640 daAuts
  Bailey: 571 daAuts
     D:9: 302 daAuts
